 Dungeon Crawl Stone Soup version 0.30.0-15-g856e2d3f33 (webtiles) character file.

Game seed: 12735965570273765983

30 Pimp the Shooter (level 3, -2/21 HPs)
             Began as a Deep Elf Hunter on May 19, 2023.
             Slain by Terence
             ... wielding a +3 flail
              (8 damage)
             ... on level 2 of the Dungeon.
             The game lasted 00:02:23 (774 turns).

Pimp the Shooter (Deep Elf Hunter)                   Turns: 774, Time: 00:02:23

Health: -2/21      AC:  3    Str:  8    XL:     3   Next: 5%
Magic:  5/5        EV: 13    Int: 13    God:
Gold:   1123       SH:  0    Dex: 20    Spells: 2/2 levels left

rFire   . . .        a - +0 shortbow
rCold   . . .        (shield currently unavailable)
rNeg    . . .        c - +0 leather armour
rPois   .            (no helmet)
rElec   .            (no cloak)
rCorr   .            (no gloves)
SInv    .            (no boots)
Will    .....        (no amulet)
Stlth   ++           (no ring)
HPRegen 0.23/turn    (no ring)
MPRegen 0.09/turn

%: no passive effects
@: studying Ranged Weapons
A: no striking features
a: no special abilities


You were on level 2 of the Dungeon.
You visited 1 branch of the dungeon, and saw 2 of its levels.

You collected 1123 gold pieces.

Inventory:

Hand Weapons
 a - a +0 shortbow (weapon)
Armour
 c - a +0 leather armour (worn)
Scrolls
 b - a scroll of immolation
 h - a scroll of blinking {unknown}
Potions
 f - a potion of degeneration {unknown}
 g - a potion of haste {unknown}


   Skills:
 + Level 2.0 Fighting
 + Level 5.7 Ranged Weapons
 + Level 3.0 Dodging
 - Level 2.2 Stealth
 + Level 0.0 Spellcasting


You had 2 spell levels left.
You didn't know any spells.
Your spell library was empty.

Dungeon Overview and Level Annotations

Branches:
Dungeon (2/15)

Altars:
Qazlal

Annotations:
D:2 Terence


Message History

Found a stormy altar of Qazlal.
There is a stone staircase leading up here.
h - a scroll labelled KYROAK PETWYSA
There are no items here.
As you read the scroll labelled LOILICE GORIW, it crumbles to dust.
It is a scroll of identify.
d - 2 scrolls of acquirement You see here a manual of Ranged Weapons.
Something appears at your feet!
You pick up a manual of Ranged Weapons and begin studying.
Something appears at your feet!
You now have 1123 gold pieces (gained 1106).
An endoplasm comes into view.
The endoplasm moves out of view.
Terence the Incautious comes into view.
He is wielding a +3 flail.
Found a robe.
Found an escape hatch in the floor.
Terence shouts!
Terence moves out of view.
You shoot an arrow. The arrow barely misses the endoplasm.
You hear an angry hiss.
You shoot an arrow. The arrow hits the endoplasm!
You kill the endoplasm!
Terence shouts, "DIE!!!"
A frilled lizard comes into view.
You shoot an arrow.
The arrow barely misses the frilled lizard.
You shoot an arrow. The arrow hits the frilled lizard!
You kill the frilled lizard!
You shoot an arrow. The arrow hits Terence.
Terence is moderately wounded.
Terence hits you with a +3 flail!
You shoot an arrow. The arrow hits Terence!
Terence is severely wounded.
Terence misses you.
You shoot an arrow. The arrow hits Terence.
Terence is almost dead.
Terence hits you with a +3 flail!
* * * LOW HITPOINT WARNING * * *
Terence attacks as you move away! Terence hits you with a +3 flail!
You die...

#######
.....####
#......###.#
#).........
#.._...#
#.....####
#.......<#
#...#.######..#
#.#.#...@@....#
# #
######......
..... >[.. ...
.. #


You could see Terence.

Vanquished Creatures
  4 ball pythons (D:1)
  3 endoplasms
  A goblin (D:1)
  3 hobgoblins (D:1)
  5 jackals (D:1)
  2 quokkas (D:1)
  2 frilled lizards
  2 kobolds (D:1)
  3 rats (D:1)
25 creatures vanquished.

Notes
Turn   | Place    | Note
-------+----------+-------------------------------------------
     0 | D:1      | Pimp the Deep Elf Hunter began the quest for the Orb.
     0 | D:1      | Reached XP level 1. HP: 12/12 MP: 3/3
   115 | D:1      | Reached XP level 2. HP: 13/17 MP: 4/4
   591 | D:1      | Reached XP level 3. HP: 21/21 MP: 5/5
   750 | D:2      | Found a stormy altar of Qazlal.
   757 | D:2      | Identified 2 scrolls of acquirement
   758 | D:2      | Acquired a manual of Ranged Weapons
   760 | D:2      | Acquired 1106 gold pieces
   766 | D:2      | Noticed Terence
   774 | D:2      | Slain by Terence

Illustrated notes

Levels and vault maps discovered:
D:1:      dpeg_arrival_long_road, layout_loops_cross, hex_tiny
D:2:      minmay_evil_eye, layout_basic, basic_altar, minmay_ruptured,
          uniq_terence

Skill      XL: |  1  2 |
---------------+-------+-----
Stealth        | 2 |  2.2
Fighting       | 2 |  2.0
Dodging        | 3 |  3.0
Ranged Weapons | |  5.7

Action                     || total
---------------------------++-------
   Fire: Shortbow          ||    65
    Use: Scroll            ||     3
 Armour: Leather armour    ||     5
  Dodge: Dodged            ||    15
